 Dungeon Crawl Stone Soup version 0.31-a0-986-g5e6e4ef867 (webtiles) character file.

Game seed: 6005355198564836610

882 sammy202020 the Ruffian (level 7, -2/55 HPs)
             Began as a Demonspawn Shapeshifter on Nov 14, 2023.
             Slain by Pikel
             ... wielding a +1 whip of freezing
              (7 damage)
             ... on level 4 of the Dungeon.
             The game lasted 00:06:58 (4284 turns).

sammy202020 the Ruffian (Demonspawn Shapeshifter)   Turns: 4284, Time: 00:07:00

Health: -2/55      AC: 13    Str: 16    XL:     7   Next: 76%
Magic:  7/7        EV:  5    Int: 12    God:
Gold:   248        SH:  0    Dex: 12    Spells: 6/6 levels left

rFire   + .          .
                       - Unarmed
rCold   . . .        (no shield)
rNeg    . . .        j - +0 plate armour of Vanity {rPois rF+}
rPois   +            (helmet currently unavailable)
rElec   .            (cloak currently unavailable)
rCorr   .            (gloves currently unavailable)
SInv    +            (boots currently unavailable)
Will    .....        (no amulet) Stlth
                     k - ring of see invisible
HPRegen 0.29/turn    (no ring)
MPRegen 0.10/turn

%: no passive effects
@: beast-form
A: beast (slay +2), yellow scales 1, demonic guardian 1, ignite blood 1,
weakness stinger 2
a: Begin Untransformation


You were on level 4 of the Dungeon.
You were a hulking beast.
You visited 1 branch of the dungeon, and saw 4 of its levels.

You collected 248 gold pieces.

Inventory:

Armour
 a - a +0 animal skin
 i - a +1 chain mail
 j - the +0 plate armour of Vanity (worn) {rPois rF+}
   (You found it on level 3 of the Dungeon)

   rF+:       It protects you from fire.
   rPois:     It protects you from poison
Jewellery
 k - a ring of see invisible (left hand)
 n - a ring of ice
 p - a ring of magical power
Talismans
 c - a beast talisman
 d - a flux talisman
Wands
 l - a wand of quicksilver (10)
 m - a wand of charming (8)
 o - a wand of polymorph (13)
Scrolls
 f - a scroll of enchant armour
 g - 2 scrolls of enchant weapon
 h - a scroll of amnesia
 r - a scroll of teleportation {unknown}
 s - a scroll of fear {unknown}
Potions
 b - 2 potions of lignification
 e - 2 potions of cancellation
 q - 2 potions of ambrosia {unknown}
 t - a potion of curing {unknown}


   Skills:
 * Level 4.3 Fighting
 + Level 2.6 Armour
 + Level 3.2 Dodging
 * Level 4.8 Unarmed Combat
 * Level 4.5 Shapeshifting


You had 6 spell levels left.
You didn't know any spells.
Your spell library was empty.

Dungeon Overview and Level Annotations

Branches:
Dungeon (4/15)
 Temple: D:4-7

Altars:

Annotations:
D:2 Natasha
D:4 Pikel


Innate Abilities, Weirdness & Mutations

You are a hulking beast.
Your limbs bulge with bestial killing power. (Slay +2)
You are partially covered in yellow scales. (AC +2)
A weak demonic guardian rushes to your aid.
Your demonic aura sometimes causes spilled blood to erupt in flames.
You have a tail ending in a sharp stinger.


Message History

That felt strangely unrewarding.
Pikel waves his whip at you.
Pikel hits you with a +1 whip of freezing.
Pikel freezes you.
You hit Pikel.
Pikel is severely wounded.
Your ufetubus hits the lemure but does no damage.
Your ufetubus hits the lemure. The lemure hits you but does no damage.
The lemure hits your ufetubus.
Your ufetubus dies!
Your ufetubus disappears in a puff of smoke!
Pikel hits you with a +1 whip of freezing.
Pikel freezes you.
You hit Pikel.
Pikel is severely wounded.
Pikel hits you but does no damage. The lemure hits you.
You hit Pikel.
Pikel is severely wounded.
The lemure barely misses you. Pikel hits you but does no damage.
You barely miss Pikel.
Pikel is severely wounded.
You barely miss Pikel.
Pikel is severely wounded.
The lemure hits you but does no damage. Pikel hits you but does no damage.
The lemure hits you.
You hit Pikel.
Pikel is severely wounded.
Pikel hits you with a +1 whip of freezing.
Pikel freezes you.
The lemure hits you but does no damage. x2
The lemure hits you!
* * * LOW HITPOINT WARNING * * *
A demonic guardian appears!
You hit Pikel. You punch Pikel, but do no damage.
Pikel is severely wounded.
The lemure hits you.
* * * LOW HITPOINT WARNING * * *
The lemure hits you but does no damage. x2
Pikel hits you with a +1 whip of freezing!
You die...
Pikel says, "See you in Hell!"

........#......#
##.....##......# .......
##.....##รท.....##.......
............)...#.......
................#.......
................#......(
.......##......##......#
#########......##K.....#
##.....##.......h5......
##..............55......
'...............5....<..
#.......................
#......##......#####+###
##########+##### # # +


You could see Pikel, 3 lemures and a friendly white imp (summoned).

Vanquished Creatures
  Sigmund (D:3)
  An ogre (D:4)
  A black bear (D:4)
  A centaur (D:3)
  A lemure (D:4)
  4 orc priests
  4 orc wizards (D:3)
  Natasha (D:2)
  A mummy (D:4)
  Robin (D:4)
  5 gnolls
  3 adders
  2 worms
  3 dart slugs
  20 orcs
  7 endoplasms
  3 giant cockroaches
  15 goblins
  13 hobgoblins
  13 kobolds
  3 quokkas
  6 ball pythons
  8 bats
  A frilled lizard (D:3)
  A hobgoblin zombie (D:4)
  A kobold zombie (D:4)
  2 orc zombies (D:4)
  9 rats
131 creatures vanquished.

Vanquished Creatures (collateral kills)
  2 orcs (D:3)
  3 goblins (D:4)
  A hobgoblin (D:4)
6 creatures vanquished.

Grand Total: 137 creatures vanquished

Notes
Turn   | Place    | Note
-------+----------+-------------------------------------------
     0 | D:1      | sammy202020 the Demonspawn Shapeshifter began the quest for
                  | the Orb.
     0 | D:1      | Reached XP level 1. HP: 15/15 MP: 1/1
   180 | D:1      | Gained mutation: You have a small tail. [demonic ancestry]
   180 | D:1      | Reached XP level 2. HP: 10/21 MP: 2/2
   635 | D:1      | Gained mutation: Your demonic aura sometimes causes spilled
                  | blood to erupt in flames. [demonic ancestry]
   635 | D:1      | Reached XP level 3. HP: 27/27 MP: 3/3
   638 | D:1      | Found a faded altar of an unknown god.
  1683 | D:2      | Reached skill level 1 in Armour
  1696 | D:2      | Gained mutation: You are partially covered in yellow
                  | scales. (AC +2) [demonic ancestry]
  1696 | D:2      | Reached XP level 4. HP: 32/33 MP: 4/4
  1912 | D:2      | Noticed Natasha
  1922 | D:2      | Killed Natasha
  1926 | D:2      | Reached XP level 5. HP: 37/39 MP: 5/5
  2084 | D:2      | Noticed Natasha
  2433 | D:3      | HP: 2/40 [orc priest/+0 hand axe (2)]
  2611 | D:3      | Noticed a centaur
  2619 | D:3      | Killed a centaur
  2620 | D:3      | Gained mutation: A weak demonic guardian rushes to your
                  | aid. [demonic ancestry]
  2620 | D:3      | Reached XP level 6. HP: 39/47 MP: 6/6
  2843 | D:3      | HP: 2/47 [orc/+0 mace (5)]
  3076 | D:3      | Identified the +0 plate armour of Vanity {rPois rF+}
  3173 | D:3      | Noticed Sigmund
  3183 | D:3      | Killed Sigmund
  3184 | D:3      | Gained mutation: You have a tail ending in a sharp stinger.
                  | [demonic ancestry]
  3184 | D:3      | Reached XP level 7. HP: 31/53 MP: 7/7
  3896 | D:4      | Noticed Robin
  3909 | D:4      | Killed Robin
  4269 | D:4      | Noticed Pikel
  4284 | D:4      | Slain by Pikel

Illustrated notes

Levels and vault maps discovered:
D:1:      minmay_arrival_arboretum_large, layout_basic,
          dilly_ecumenical_altar_fadedgnrine, minmay_misc_feat_enclosed,
          minmay_gold_behind_fungi
D:2:      layout_rooms, uniq_natasha
D:3:      layout_basic, lexackson_kobold_supper, uniq_sigmund
D:4:      layout_gridville, marbit_many_paths, minmay_temple_entry_fiery,
          gup_sewer_entry_bowl, minmay_mini_ossuary, uniq_pikel, uniq_robin

Skill      XL: |  1  2  3  4  5  6  7 |
---------------+----------------------+-----
Unarmed Combat | 3 4 |  4.8
Dodging        | 2 3 |  3.2
Shapeshifting  | 3 4 |  4.5
Fighting       | 2 3 4 |  4.3
Armour         | 1 2 |  2.6

Action                     |  1- 3 |  4- 6 |  7- 9 || total
---------------------------+-------+-------+-------++-------
  Melee: Unarmed           |    85 |   198 |    92 ||   375
         Punch             |     1 |     5 |     1 ||     7
         Tailslap          |     8 |    24 |    23 ||    55
    Use: Scroll            |     2 |     2 |     1 ||     5
         Potion            |       |     2 |       ||     2
   Stab: Sleeping          |     1 |       |       ||     1
 Armour: Animal skin       |    25 |       |       ||    25
         Chain mail        |    12 |   158 |       ||   170
         Leather armour    |     7 |       |       ||     7
         Plate armour      |       |    10 |    94 ||   104
  Dodge: Dodged            |    40 |    65 |    25 ||   130

Table legend: (Time is in decaauts)
 A = Elapsed time spent in this place.
 B = Non-inter-level travel time spent in this place.
 C = Inter-level travel time spent in this place.
 D = Time resting spent in this place.
 E = Time spent auto-exploring this place.
 F = Levels seen in this place.
 G = Mean time per level.
                   A        B        C        D        E       F      G
               +--------+--------+--------+--------+--------+-----+--------+
         Total |   4255 |   3808 |    447 |    344 |   2550 |   4 | 1063.8 |
       Dungeon |   4255 |   3808 |    447 |    344 |   2550 |   4 | 1063.8 |
               +--------+--------+--------+--------+--------+-----+--------+

Top non-repeatable levels by time:
     D:3: 1660 daAuts
     D:1: 1657 daAuts
     D:4: 518 daAuts
     D:2: 419 daAuts
